 Dungeon Crawl Stone Soup version 0.20.1-1-g8b1a95d (webtiles) character file.

108560 Salad the Warrior (level 16, -7/159 HPs)
             Began as a Minotaur Fighter on July 12, 2017.
             Was an Initiate of Gozag.
             Blown up by an orb spider (25 damage)
             ... with a wavering orb of destruction
             ... on level 1 of the Spider Nest.
             The game lasted 01:23:34 (24257 turns).

Salad the Warrior (Minotaur Fighter)               Turns: 24257, Time: 01:23:35

Health: -7/159     AC: 28    Str: 36      XL:     16   Next: 2%
Magic:  5/5        EV: 22    Int:  5      God:    Gozag
Gold:   5560       SH:  7    Dex: 26 (27) Spells: 15/15 levels left

rFire    . . .     SeeInvis +   T - +8 falchion of the Sugar Beet {antimagic, rN+ Str+7 Dex+2}
rCold    . . .     Gourm    .   q - +0 buckler of the Tortoise {Str+4}
rNeg     + . .     Faith    .   m - +3 plate armour {rPois}
rPois    +         Spirit   .   A - +2 hat {SInv}
rElec    .         Reflect  .   b - scarf {repulsion}
rCorr    .         Harm     +   P - +2 pair of gloves {Dex+3}
MR       +....                  F - +2 pair of boots {Fly}
Stlth    ..........             r - amulet of harm
Regen    0.4/turn               g - +4 ring of dexterity
MPRegen  0.1/turn               c - +3 ring of dexterity

@: gold aura, flying, repel missiles
A: retaliatory headbutt, horns 2, thin skeletal structure 1, deterioration 1
a: Potion Petition, Call Merchant, Bribe Branch, Renounce Religion, Stop Flying


You were on level 1 of the Spider Nest.
You worshipped Gozag.
Gozag was greatly pleased with you.
You were near starving.

You visited 4 branches of the dungeon, and saw 22 of its levels.
You also visited: Ossuary.

You collected 8168 gold pieces.
You spent 1890 gold pieces at shops.
You paid 718 gold pieces to Gozag.

Inventory:

Hand Weapons
 O - a +7 scimitar of flaming
 T - the +8 falchion of the Sugar Beet (weapon) {antimagic, rN+ Str+7 Dex+2}
   (You found it on level 2 of the Lair of Beasts)

   It reduces the magical energy of the wielder, and disrupts the spells and
   magical abilities of those hit.
   Natural abilities and divine invocations are not affected.
   It affects your strength (+7).
   It affects your dexterity (+2).
   It protects you from negative energy.
Armour
 b - a scarf of repulsion (worn)
 m - a +3 plate armour of poison resistance (worn)
 q - the +0 buckler of the Tortoise (worn) {Str+4}
   (You acquired it on level 2 of the Orcish Mines)

   It affects your strength (+4).
 A - a +2 hat of see invisible (worn)
 F - a +2 pair of boots of flying (worn)
 P - a +2 pair of gloves of dexterity (worn)
Jewellery
 c - a +3 ring of dexterity (right hand)
 d - an uncursed ring of protection from fire
 g - a +4 ring of dexterity (left hand)
 i - an uncursed ring of stealth {unknown}
 r - an amulet of harm (around neck)
 z - an uncursed ring of protection from fire
 D - an uncursed ring of protection from magic
 G - an uncursed ring of protection from cold
 I - an uncursed ring of wizardry
 L - an uncursed ring of fire
 R - an uncursed amulet of guardian spirit
 V - an uncursed ring of flight
Wands
 J - a wand of confusion (28/48)
 K - a wand of digging (6/24)
 N - a wand of clouds (2/9)
 Z - a wand of disintegration (10/24)
Scrolls
 a - a scroll of holy word
 e - 7 scrolls of teleportation
 l - 4 scrolls of fog
 t - 9 scrolls of remove curse
 v - a scroll of recharging
 w - 4 scrolls of magic mapping
 B - 2 scrolls of amnesia
 E - 2 scrolls of fear
 U - 4 scrolls of identify
Potions
 f - a potion of brilliance
 j - a potion of magic {unknown}
 k - 4 potions of lignification
 n - 6 potions of cancellation
 o - 6 potions of haste
 p - 7 potions of curing
 u - 2 potions of flight
 x - 4 potions of agility
 Y - a potion of might
Books
 y - a book of Necromancy

   Spells                             Type                      Level
   a - Pain                           Necromancy                   1
   b - Animate Skeleton               Necromancy                   1
   c - Vampiric Draining              Necromancy                   3
   d - Regeneration                   Charms/Necromancy            3
   e - Animate Dead                   Necromancy                   4
   f - Control Undead                 Necromancy                   4
 H - a book of Transfigurations

   Spells                             Type                      Level
   a - Irradiate                      Conjuration/Transmutation    5
   b - Statue Form                    Transmutation/Earth          6
   c - Hydra Form                     Transmutation                6
   d - Dragon Form                    Transmutation                7
Comestibles
 h - 23 fruits
 s - 30 royal jellies
 C - 2 meat rations


   Skills:
 + Level 18.7 Fighting
 + Level 16.9 Long Blades
 + Level 14.4 Armour
 + Level 15.2 Dodging
 - Level 4.4 Shields


You had 15 spell levels left.
You didn't know any spells.

Dungeon Overview and Level Annotations

Branches:
Dungeon (15/15) Temple (0/1) D:7 Lair (4/6) D:10 Shoals (0/4) Lair:4 Spider (1/4) Lair:3 Orc (2/2) D:12 Elf (0/3) Orc:2 Vaults (0/5) D:13 D:14 Depths (0/5) D:15

Altars:
Cheibriados
Dithmenos
Elyvilon
Fedhas
Gozag
Kikubaaqudgha
Makhleb
Nemelex Xobeh
Qazlal
Trog
Uskayaw
The Shining One
Beogh

Shops:
D:8 =   Orc:1 *   Orc:2 *([?}

Annotations:
D:15 exclusion: obsidian statue
Spider:1 Nikola


Innate Abilities, Weirdness & Mutations

You reflexively headbutt those who attack you in melee.
You have a pair of horns on your head.
You have a somewhat thin skeletal structure. (Dex +2, Stealth)
Your body sometimes deteriorates upon taking damage.


Message History

A tarantella comes into view.
The tarantella hisses angrily.
Found a runed war axe.
An orb spider comes into view.
You are too injured to fight recklessly!
You are too injured to fight recklessly!
You are too injured to fight recklessly!
You slash the tarantella!
The tarantella is heavily wounded.
The tarantella misses you.
You barely miss the tarantella.
The tarantella is heavily wounded.
The tarantella completely misses you.
You riposte.
You slice the tarantella!!
You kill the tarantella!
The orb spider spins a strand of pure energy.
You see here 8 gold pieces.
You barely miss the orb spider.
The orb spider weaves a glowing orb of energy.
The wavering orb of destruction weakly hits you!
You die...

#### ##
###...##.###
##..........
$
#..........#
........)..#
...........#
.......s..#
.......@..#
..........#
.........##
.......$###
.#.####...#
# ##..#
####.....###
#.......^..
..........##


You could see an orb spider.

Vanquished Creatures
  Saint Roka (Orc:2)
  Roxanne (Spider:1)
  2 orc warlords
  Josephine (Lair:4)
  The ghost of polve the Bludgeoner, a journeyman FoAK of Lugonu (Lair:2)
  An ice dragon (D:15)
  Erica (Lair:1)
  6 hydras
  A death knight (D:13)
  A catoblepas (Lair:4)
  3 centaur warriors
  5 death yaks
  10 two-headed ogres
  A queen ant (Lair:2)
  Urug (D:14)
  A tengu warrior (D:14)
  An ogre mage (D:15)
  3 orc high priests
  A deep elf knight (D:13)
  Nergalle (Lair:4)
  A fire crab (D:14)
  Pikel (D:8)
  3 unseen horrors
  A deep elf archer (D:14)
  5 orc knights
  An orb spider (Spider:1)
  A necromancer (D:14)
  An oklob plant (Lair:2)
  6 ugly things
  9 orc sorcerers
  7 deep elf magi
  7 wolf spiders
  7 cyclopes
  3 manticores
  2 slime creatures (D:14)
  A merfolk siren (Lair:4)
  3 elephants (Lair:3)
  Maurice (D:9)
  4 black mambas
  A gargoyle (D:15)
  A guardian serpent (shapeshifter) (D:12)
  6 spiny frogs
  A yaktaur (D:14)
  3 freezing wraiths
  A kobold demonologist (D:11)
  A rime drake (Lair:2)
  2 demonic crawlers (Spider:1)
  3 komodo dragons
  3 merfolk (Lair:4)
  4 tengu conjurers
  6 trolls
  7 jumping spiders
  A queen bee (Spider:1)
  3 hornets
  Prince Ribbit (D:7)
  4 meliai
  11 hippogriffs
  6 dream sheep (Lair:4)
  16 blink frogs
  10 redbacks (Spider:1)
  The ghost of manyhoops the Vandal, an amateur KoHu of Ashenzari (D:4)
  3 shadows
  6 tarantellas (Spider:1)
  A spriggan (Lair:3)
  22 yaks
  A vampire (D:15)
  6 wraiths
  4 wyverns
  2 basilisks
  16 humans
  3 hungry ghosts
  A steam dragon (D:13)
  2 vampire mosquitoes
  5 wargs
  2 acid dragons (D:14)
  9 soldier ants (Lair:2)
  6 porcupines
  9 water moccasins
  44 orc warriors
  4 ice beasts
  A slave (D:8)
  A sky beast (D:11)
  5 necrophages
  14 ogres
  2 phantoms
  24 wolves (Lair:3)
  4 boggarts (D:15)
  11 centaurs
  5 crocodiles
  2 big kobolds
  10 bullfrogs
  A wyvern zombie (D:6)
  A gnoll sergeant (D:11)
  3 water moccasin zombies (Ossuary)
  A wyvern skeleton (D:7)
  3 scorpions
  32 killer bees
  9 wights
  An electric eel (Lair:2)
  A howler monkey (D:12)
  8 crimson imps
  4 centaur zombies
  2 quasits
  4 bullfrog zombies
  7 hounds
  5 centaur skeletons
  2 gnoll shamans
  3 jellies
  28 orc priests
  30 orc wizards
  2 bullfrog skeletons
  4 iguanas
  28 worker ants
  3 big kobold zombies (Ossuary)
  2 hound zombies
  2 hound skeletons
  3 mummies
  A worker ant zombie (D:10)
  7 adders
  A howler monkey skeleton (D:6)
  10 gnolls
  2 shadow imps
  4 oozes
  4 adder zombies (Ossuary)
  An adder skeleton (D:7)
  4 worms
  A dart slug (D:3)
  3 leopard geckos
  107 orcs
  A ball python (D:3)
  4 giant cockroaches
  2 gnoll zombies (Ossuary)
  8 goblins
  6 hobgoblins
  12 jackals
  21 kobolds
  3 quokkas
  10 bats
  A frilled lizard (D:4)
  5 hobgoblin zombies (Ossuary)
  5 kobold zombies (Ossuary)
  A leopard gecko zombie (D:4)
  2 orc zombies (Ossuary)
  2 quokka skeletons
  8 rats
849 creatures vanquished.

Vanquished Creatures (others)
  An ice dragon (D:15)
  A centaur (D:6)
  A wight (D:11)
  An orc (Orc:2)
  6 fungi
  10 plants
20 creatures vanquished.

Grand Total: 869 creatures vanquished

Notes
Turn   | Place    | Note
-------+----------+-------------------------------------------
     0 | D:1      | Salad the Minotaur Fighter began the quest for the Orb.
     0 | D:1      | Reached XP level 1. HP: 19/19 MP: 0/0
   158 | D:1      | Reached XP level 2. HP: 17/26 MP: 1/1
   633 | D:2      | Reached skill level 5 in Armour
   657 | D:2      | Reached XP level 3. HP: 28/31 MP: 2/2
   979 | D:2      | Found a snail-covered altar of Cheibriados.
  1039 | D:2      | Reached XP level 4. HP: 39/39 MP: 3/3
  1382 | D:3      | Found an opulent altar of Gozag.
  1639 | D:3      | Reached XP level 5. HP: 32/45 MP: 4/4
  2452 | D:3      | Became a worshipper of Gozag Ym Sagoz the Greedy
  2492 | D:4      | Found a blossoming altar of Fedhas.
  2498 | D:4      | Reached XP level 6. HP: 36/51 MP: 5/5
  2706 | D:4      | Found a sand-covered staircase.
  2715 | Ossuary  | Entered an ossuary
  2803 | Ossuary  | Reached XP level 7. HP: 57/57 MP: 6/6
  2813 | Ossuary  | Reached skill level 10 in Armour
  3464 | D:4      | Reached skill level 4 in Fighting
  3640 | D:4      | Noticed manyhoops's ghost (amateur KoHu)
  3648 | D:4      | Killed manyhoops's ghost
  3648 | D:4      | Reached skill level 5 in Fighting
  3648 | D:4      | Reached XP level 8. HP: 68/68 MP: 7/7
  3760 | D:5      | Entered Level 5 of the Dungeon
  4101 | D:5      | Reached skill level 6 in Fighting
  4679 | D:6      | Found a sparkling altar of Nemelex Xobeh.
  4819 | D:6      | Found a glowing golden altar of the Shining One.
  4819 | D:6      | Reached skill level 7 in Fighting
  4841 | D:6      | Reached skill level 5 in Long Blades
  4877 | D:6      | Identified a scroll of acquirement
  5292 | D:6      | Reached skill level 1 in Dodging
  5294 | D:6      | Found an ancient bone altar of Kikubaaqudgha.
  5299 | D:6      | Reached XP level 9. HP: 58/78 MP: 8/8
  5854 | D:7      | Noticed Prince Ribbit
  5864 | D:7      | Killed Prince Ribbit
  5864 | D:7      | Reached skill level 5 in Dodging
  5943 | D:7      | Found a bloodstained altar of Trog.
  6128 | D:7      | Found a staircase to the Ecumenical Temple.
  6509 | D:8      | Found Ruinlye's Jewellery Shoppe.
  6620 | D:8      | Noticed Pikel
  6639 | D:8      | Killed Pikel
  6639 | D:8      | Reached skill level 8 in Fighting
  6639 | D:8      | Reached XP level 10. HP: 59/89 MP: 9/9
  6716 | D:8      | Reached skill level 9 in Fighting
  7027 | D:9      | Noticed a two-headed ogre
  7038 | D:9      | Killed a two-headed ogre
  7157 | D:9      | Noticed a deep elf mage
  7161 | D:9      | Killed a deep elf mage
  7161 | D:9      | Reached skill level 10 in Fighting
  7178 | D:9      | Found a hide-covered altar of Uskayaw.
  7266 | D:9      | Noticed a two-headed ogre
  7278 | D:9      | Killed a two-headed ogre
  7278 | D:9      | Reached skill level 10 in Long Blades
  7620 | D:9      | Noticed Maurice
  7626 | D:9      | Killed Maurice
  7892 | D:9      | Found a stormy altar of Qazlal.
  7912 | D:9      | Reached XP level 11. HP: 98/101 MP: 10/10
  8377 | D:10     | Entered Level 10 of the Dungeon
  8389 | D:10     | Noticed a deep elf mage
  8408 | D:10     | Killed a deep elf mage
  8479 | D:10     | Noticed a deep elf mage
  8487 | D:10     | Killed a deep elf mage
  8487 | D:10     | Reached skill level 11 in Fighting
  8609 | D:10     | Found a staircase to the Lair.
  8754 | D:10     | Found a bloodstained altar of Trog.
  9192 | D:11     | Reached skill level 12 in Fighting
  9256 | D:11     | Noticed a two-headed ogre
  9273 | D:11     | HP: 5/104 [centaur/arrow (1)]
  9452 | D:11     | Killed a two-headed ogre
  9540 | D:11     | Noticed a two-headed ogre
  9546 | D:11     | Killed a two-headed ogre
  9718 | D:11     | Noticed a deep elf mage
  9734 | D:11     | Killed a deep elf mage
  9767 | D:11     | Noticed a five-headed hydra
  9770 | D:11     | Gained mutation: You are partially covered in rugged brown scales. (AC +1, +3% HP) [potion of mutation]
  9770 | D:11     | Gained mutation: You are agile. (Dex +2) [potion of mutation]
 10143 | D:12     | Reached skill level 13 in Fighting
 10350 | D:11     | Reached XP level 12. HP: 60/118 MP: 11/11
 10592 | D:11     | Lost mutation: You are agile. (Dex +2) [potion of mutation]
 10592 | D:11     | Lost mutation: You are partially covered in rugged brown scales. (AC +1, +3% HP) [potion of mutation]
 10592 | D:11     | Gained mutation: Your body sometimes deteriorates upon taking damage. [potion of mutation]
 10592 | D:11     | Gained mutation: You have a somewhat thin skeletal structure. (Dex +2, Stealth) [potion of mutation]
 10833 | D:11     | Killed an 11-headed hydra
 11229 | D:12     | Noticed a centaur warrior
 11246 | D:12     | Killed a centaur warrior
 11542 | D:12     | Noticed a two-headed ogre
 11547 | D:12     | Killed a two-headed ogre
 11547 | D:12     | Reached skill level 14 in Fighting
 11548 | D:12     | Noticed a four-headed hydra
 11553 | D:12     | Killed a six-headed hydra
 11688 | D:12     | Found a runed door.
 11688 | D:12     | Found a runed door.
 11843 | D:12     | Found a staircase to the Orcish Mines.
 12110 | Lair:1   | Entered Level 1 of the Lair of Beasts
 12240 | Lair:1   | Noticed Erica
 12280 | Lair:1   | Killed Erica
 12280 | Lair:1   | Reached skill level 10 in Dodging
 12567 | Lair:1   | Reached XP level 13. HP: 125/125 MP: 12/12
 13913 | Lair:2   | Noticed polve's ghost (journeyman FoAK)
 13934 | Lair:2   | Killed polve's ghost
 14286 | Lair:2   | Got an encrusted falchion
 14783 | Lair:2   | Identified the +8 falchion of the Sugar Beet {antimagic, rN+ Str+7 Dex+2} (You found it on level 2 of the Lair of Beasts)
 15264 | Lair:3   | Reached skill level 15 in Fighting
 15950 | Lair:3   | Found a hole to the Spider Nest.
 15960 | Lair:3   | Reached XP level 14. HP: 105/135 MP: 4/13
 16195 | Lair:4   | Found a staircase to the Shoals.
 16371 | Lair:4   | Noticed Josephine
 16378 | Lair:4   | Killed Josephine
 16378 | Lair:4   | Reached skill level 16 in Fighting
 16600 | Lair:4   | Noticed Nergalle
 16621 | Lair:4   | Killed Nergalle
 17183 | Orc:1    | Entered Level 1 of the Orcish Mines
 17394 | Orc:1    | Bought a scroll of identify for 74 gold pieces
 17394 | Orc:1    | Bought a scroll of remove curse for 111 gold pieces
 17394 | Orc:1    | Bought a scroll labeled RIYZXID BAOLLEM for 37 gold pieces
 17402 | Orc:2    | Entered Level 2 of the Orcish Mines
 17441 | Orc:1    | Reached skill level 17 in Fighting
 17534 | Orc:1    | Noticed an orc warlord
 17559 | Orc:1    | Killed an orc warlord
 17924 | Orc:1    | Found a roughly hewn altar of Beogh.
 18105 | Orc:1    | Found a burning altar of Makhleb.
 18235 | Orc:2    | Found Conudo's Gadget Shop.
 18346 | Orc:2    | Paralysed by an orc sorcerer for 4 turns
 18351 | Orc:2    | Reached skill level 18 in Fighting
 18438 | Orc:2    | Noticed Saint Roka
 18446 | Orc:2    | Found a roughly hewn altar of Beogh.
 18626 | Orc:2    | Found a roughly hewn altar of Beogh.
 19113 | Orc:2    | Found a roughly hewn altar of Beogh.
 19428 | Orc:2    | Found a roughly hewn altar of Beogh.
 19435 | Orc:2    | Found Jaromum's General Store.
 19476 | Orc:2    | Bought a scroll of identify for 30 gold pieces
 19560 | Orc:2    | Killed Saint Roka
 19560 | Orc:2    | Reached skill level 15 in Long Blades
 19686 | Orc:2    | Found a roughly hewn altar of Beogh.
 19809 | Orc:2    | Found a staircase to the Elven Halls.
 19823 | Orc:2    | Found a roughly hewn altar of Beogh.
 19897 | Orc:2    | Noticed an orc warlord
 19921 | Orc:2    | Killed an orc warlord
 19921 | Orc:2    | Reached XP level 15. HP: 101/149 MP: 4/14
 19961 | Orc:2    | Found Nooloyzu's Antique Armour Shoppe.
 19967 | Orc:2    | Found a roughly hewn altar of Beogh.
 19986 | Orc:2    | Found Uwun's Antique Weapon Emporium.
 20229 | Orc:2    | Bought a shiny plate armour for 702 gold pieces
 20386 | Orc:2    | Found Dekyenu's Magic Scroll Emporium.
 20394 | Orc:2    | Bought a scroll of identify for 24 gold pieces
 20394 | Orc:2    | Bought a scroll of acquirement for 624 gold pieces
 20394 | Orc:2    | Bought a scroll of identify for 24 gold pieces
 20394 | Orc:2    | Bought a scroll of enchant armour for 90 gold pieces
 20394 | Orc:2    | Bought a scroll of enchant armour for 90 gold pieces
 20394 | Orc:2    | Bought a scroll of identify for 24 gold pieces
 20394 | Orc:2    | Bought a scroll of identify for 24 gold pieces
 20394 | Orc:2    | Bought a scroll of remove curse for 36 gold pieces
 20409 | Orc:2    | Got a smoking buckler
 20416 | Orc:2    | Identified the +0 buckler of the Tortoise {Str+4} (You acquired it on level 2 of the Orcish Mines)
 20668 | D:13     | HP: 5/149 [death knight/great mace (16)]
 21650 | D:14     | Found a gate to the Vaults.
 21650 | D:14     | Noticed Urug
 21726 | D:14     | Killed Urug
 21979 | D:14     | Found a white marble altar of Elyvilon.
 22137 | D:14     | Found a shadowy altar of Dithmenos.
 22529 | D:15     | Entered Level 15 of the Dungeon
 22622 | D:15     | Reached skill level 15 in Dodging
 23194 | D:15     | Found a staircase to the Depths.
 23544 | Spider:1 | Entered Level 1 of the Spider Nest
 23754 | Spider:1 | Noticed Roxanne
 23774 | Spider:1 | Killed Roxanne
 23913 | Spider:1 | Reached XP level 16. HP: 75/159 MP: 15/15
 24235 | Spider:1 | Noticed Nikola
 24257 | Spider:1 | Blown up by an orb spider

Skill      XL: |  1  2  3  4  5  6  7  8  9 10 11 12 13 14 15 |
---------------+----------------------------------------------+-----
Armour         | 4 5 6 8 9 10 12 13 14 | 14.4
Fighting       | 5 7 8 10 13 14 15 18 | 18.7
Long Blades    | 3 7 10 11 13 15 16 | 16.9
Dodging        | 1 7 9 10 14 15 | 15.2
Shields        | 4 |  4.4

Action                   |  1- 3 |  4- 6 |  7- 9 | 10-12 | 13-15 | 16-18 || total
-------------------------+-------+-------+-------+-------+-------+-------++-------
Melee: Long sword        |    93 |   137 |   243 |    82 |       |       ||   555
       Headbutt          |    12 |    33 |    96 |   173 |   462 |    10 ||   786
       Great sword       |       |       |    77 |   362 |       |       ||   439
       Scimitar          |       |       |       |     8 |   288 |    26 ||   322
       Falchion          |       |       |       |       |   792 |     4 ||   796
Invok: Potion Petition   |       |     1 |       |       |       |       ||     1
       Call Merchant     |       |       |       |       |     1 |       ||     1
 Abil: Stop Flying       |       |       |     1 |       |       |       ||     1
       Evoke Flight      |       |       |     1 |       |       |       ||     1
Evoke: Wand              |       |       |       |     6 |    11 |       ||    17
  Use: Scroll            |     3 |     7 |    13 |    16 |    22 |     2 ||    63
       Potion            |       |     1 |     3 |    12 |     5 |     1 ||    22
 Stab: Distracted        |       |       |     1 |     5 |    13 |     2 ||    21
       Sleeping          |       |       |       |       |     1 |       ||     1
  Eat: Chunk             |       |     5 |       |       |       |       ||     5
       Bread ration      |       |     1 |     1 |     2 |     4 |       ||     8
       Meat ration       |       |       |     1 |     3 |     3 |       ||     7
       Fruit             |       |       |       |       |     3 |       ||     3
       Royal jelly       |       |       |       |       |     1 |       ||     1
Armor: Scale mail        |    38 |    38 |    97 |   169 |       |       ||   342
       Ring mail         |       |       |       |    38 |    82 |       ||   120
       Plate armour      |       |       |       |       |   162 |     8 ||   170
Dodge: Dodged            |    31 |    24 |   137 |   432 |   724 |    22 ||  1370
       Deflected         |       |       |       |       |    13 |       ||    13
Block: Shield            |    55 |    85 |   201 |       |       |       ||   341
       Reflection        |       |     1 |     6 |    11 |       |       ||    18
       Other             |       |       |    14 |   108 |     2 |       ||   124
       Buckler           |       |       |       |       |    90 |     6 ||    96
       Rpst.: Long sword |     7 |     7 |    15 |    13 |       |       ||    42
       Great sword       |       |       |    19 |    78 |       |       ||    97
       Scimitar          |       |       |       |       |    38 |     5 ||    43
       Falchion          |       |       |       |       |   111 |     1 ||   112
